 Dungeon Crawl Stone Soup version 0.22-a0-348-gd16d139 (webtiles) character file.

409468 4thArraOfDagon the Devastator (level 21, -1/151 HPs)
             Began as a Demigod Fire Elementalist on Apr 7, 2018.
             Slain by a spark wasp (4 damage)
             ... on level 3 of the Depths on Apr 8, 2018.
             The game lasted 03:40:58 (30779 turns).

4thArraOfDagon the Devastator (DgFE)               Turns: 30779, Time: 03:40:59

Health: -1/151     AC: 15    Str: 11    XL:     21   Next: 48%
Magic:  15/61      EV: 15    Int: 38    God:
Gold:   3731       SH:  5    Dex: 16    Spells: 6/46 levels left

rFire    + + .     SeeInvis .   d - staff of energy {!a}
rCold    + + .     Gourm    .   Z - +0 buckler "Pisiss" {rC+ Int+2 Stlth+}
rNeg     . . .     Faith    .   F - +1 robe of Evolution {MR++ Regen+}
rPois    +         Spirit   .   X - +2 helmet {Int+3}
rElec    +         Reflect  .   B - +2 cloak
rCorr    +         Harm     .   H - +3 pair of gauntlets of War {Slay+5}
MR       +++++                  Q - +0 pair of boots of Trumpets {MP+9}
Stlth    +++.......             v - amulet of magic regeneration
HPRegen  0.75/turn              m - ring of magical power
MPRegen  0.62/turn              u - ring of Vuovvilu {Wiz rF+ MR+}

@: resistant, very slightly contaminated
A: high mp 1
}: 2/15 runes: decaying, gossamer
a: no special abilities


You were on level 3 of the Depths.
You were not hungry.

You visited 8 branches of the dungeon, and saw 41 of its levels.
You also visited: Bailey and Desolation.

You collected 5682 gold pieces.
You spent 1951 gold pieces at shops.

Inventory:

Hand Weapons
 e - the +6 arbalest of Demand {elec, Str+7 Int+7 Dex-4}
   (You found it in the Desolation of Salt)

   It charges the ammunition it shoots with electricity; occasionally upon a
   hit, such missiles may discharge and cause terrible harm.
   It affects your strength (+7).
   It affects your intelligence (+7).
   It affects your dexterity (-4).
 q - the +8 autumn katana {slice, Clar}
   (You found it in the Desolation of Salt)

   It inflicts extra damage upon your enemies.
   It protects you against confusion.
Armour
 n - the +2 scale mail of the Hunter {rC- rN+++ Str-4 Dex+2, unknown}
   (You took it off a deep elf high priest on level 2 of the Depths)

   It affects your strength (-4).
   It affects your dexterity (+2).
   It makes you vulnerable to cold.
   It renders you almost immune to negative energy.
 B - a +2 cloak (worn)
 D - the +0 pair of gloves of the Komtur {rCorr}
   (You found it on level 2 of the Depths)

   It protects you from acid and corrosion.
 F - the +1 robe of Evolution (worn) {MR++ Regen+}
   (You found it in the Desolation of Salt)

   It affects your resistance to hostile enchantments.
   It increases your rate of regeneration.
 H - the +3 pair of gauntlets of War (worn) {Slay+5}
   (You found it in the Desolation of Salt)

   It affects your accuracy and damage with ranged weapons and melee attacks
   (+5).
 Q - the +0 pair of boots of Trumpets (worn) {MP+9}
   (You acquired it on level 2 of the Spider Nest)

   It affects your magic capacity (+9).
 X - a +2 helmet of intelligence (worn)
 Y - the +10 plate armour "Neahatso" {rN+ Dex+4}
   (You found it on level 4 of the Vaults)

   It affects your dexterity (+4).
   It protects you from negative energy.
 Z - the +0 buckler "Pisiss" (worn) {rC+ Int+2 Stlth+}
   (You bought it in a shop on level 2 of the Orcish Mines)

   It affects your intelligence (+2).
   It protects you from cold.
   It makes you more stealthy.
Magical Staves
 d - an uncursed staff of energy (weapon) {!a}
 s - an uncursed staff of fire
Jewellery
 g - an uncursed ring of poison resistance
 m - a ring of magical power (left hand)
 u - the ring of Vuovvilu (right hand) {Wiz rF+ MR+}
   (You took it off an imperial myrmidon in the Desolation of Salt)

   [ring of wizardry]

   It improves your spell success rate.
   It protects you from fire.
   It affects your resistance to hostile enchantments.
 v - an amulet of magic regeneration (around neck)
 w - the ring of Soexadaj {rCorr rN+}
   (You found it in the Desolation of Salt)

   [ring of resist corrosion]

   It protects you from negative energy.
 y - an uncursed ring of protection from cold
Wands
 r - a wand of iceblast (5)
 A - a wand of digging (30)
 J - a wand of acid (9)
Scrolls
 b - 7 scrolls of teleportation
 i - 4 scrolls of blinking
 k - 15 scrolls of remove curse
 t - 7 scrolls of amnesia
 z - 2 scrolls of fear
 E - 3 scrolls of fog
 G - 3 scrolls of immolation
 M - a scroll of summoning
 U - 2 scrolls of holy word
 W - 4 scrolls of magic mapping
Potions
 a - 4 potions of heal wounds
 h - 7 potions of might
 j - a potion of resistance
 l - 5 potions of invisibility
 o - 11 potions of brilliance
 p - 12 potions of curing
 x - 5 potions of flight
 C - 12 potions of haste
 K - 3 potions of cancellation
 L - 4 potions of magic
 N - 3 potions of mutation
 P - 3 potions of ambrosia
 S - 2 potions of agility
Miscellaneous
 I - a phantom mirror
 O - a fan of gales
 R - a lightning rod (4/4)
 T - 2 sacks of spiders
 V - a box of beasts
Comestibles
 c - 43 rations
 f - 5 chunks of flesh


   Skills:
 - Level 5.0 Fighting
 * Level 7.9 Long Blades
 - Level 5.0 Armour
 - Level 5.0 Dodging
 - Level 1.7 Stealth
 - Level 4.1 Shields
 - Level 13.1 Spellcasting
 - Level 20.4 Conjurations
 - Level 7.0 Necromancy
 - Level 7.5 Transmutations
 - Level 19.0 Fire Magic
 - Level 4.9 Air Magic
 * Level 7.8 Earth Magic
 - Level 10.0 Evocations


You had 6 spell levels left.
You knew the following spells:

 Your Spells              Type           Power        Failure   Level  Hunger
a - Statue Form           Tmut/Erth      ######...    4%          6    None
b - Fireball              Conj/Fire      ########..   0%          5    None
c - Conjure Flame         Conj/Fire      ########     0%          3    None
d - Sticky Flame          Conj/Fire      ########     0%          4    None
e - Regeneration          Chrm/Necr      ######....   1%          3    None
f - Airstrike             Air            ######....   1%          4    None
g - Orb of Destruction    Conj           ########..   1%          7    None
h - Bolt of Fire          Conj/Fire      ########..   1%          6    None
i - Sublimation of Blood  Necr           ######....   1%          2    None


Dungeon Overview and Level Annotations

Branches:
Dungeon (15/15)            Temple (0/1) D:6            Lair (6/6) D:9
  Swamp (4/4) Lair:4       Spider (4/4) Lair:4        Slime (0/5) Lair:6
    Orc (2/2) D:9             Elf (3/3) Orc:2        Vaults (4/5) D:13
  Crypt (0/3) Vaults:3     Depths (3/5) D:15

Shops:
D:7 [   D:11 !   Orc:1 (   Orc:2 *%*!   Depths:1 }==

Portals:
Hell: Depths:1

Annotations:
D:3 Anon1729's ghost, amateur DsFE
Lair:6 SLME


Innate Abilities, Weirdness & Mutations

You have an increased reservoir of magic. (+10% MP)


Message History

The spark wasp shocks you!
* * * LOW HITPOINT WARNING * * *
An ice dragon comes into view.
Blink to where?
Press: ? - help, Dir - move target cursor You are very lightly contaminated with residual magic.
As you read the scroll of blinking, it crumbles to dust.
Found a ration.
Unknown command.
You feel much better.
The spark wasp bursts into living lightning!
The living lightning hits you!
* * * LOW HITPOINT WARNING * * *
The spark wasp blinks!
A tengu warrior comes into view. It is wielding a war axe.
You feel protected. The spark wasp stings you!!
* * * LOW HITPOINT WARNING * * *
The spark wasp shocks you. You resist.
You die...

#.# Q ..# ## ##### ≈≈
#.. #. ..). §≈ ... +.
... #. #.# #. .D #..
#.####.##O# ######
#.%.#......##.###....
#...y@....i§O.....#.#
......##.###..†.###.#.##
..... ...+...>........
.... .###..i.........
... ..........###...##
## #######.### ###.# #C#
#.# #.# #.# (#.# #.##


You could see a spark wasp, a tengu warrior, a two-headed ogre and a spriggan
air mage.

Vanquished Creatures
  2 juggernauts (Depths:2)
  Frederick (Vaults:4)
  Bai Suzhen (Swamp:3)
  A caustic shrike (Depths:2)
  Saint Roka (Depths:2)
  A golden dragon (Depths:2)
  Jory (Vaults:2)
  6 liches
  3 deep elf master archers (Elf:3)
  2 sphinxes (Depths:2)
  2 storm dragons
  Roxanne (Swamp:1)
  A thorn hunter (Swamp:4)
  Donald (Swamp:1)
  A tengu reaver (D:13)
  The ghost of Amnesiac the Sorcerer, an adept SpEE of Vehumet (Elf:3)
  7 frost giants
  9 deep elf sorcerers
  2 ghost moths (Spider:4)
  4 imperial myrmidons (Desolation)
  2 fire giants
  Aizul (Elf:2)
  3 vault wardens
  8 deep elf elementalists
  4 emperor scorpions (Spider:4)
  2 spriggan defenders (Depths:2)
  2 angels (Vaults:3)
  9 stone giants
  7 very ugly things
  9 ironheart preservers
  A caustic shrike skeleton (Depths:2)
  5 entropy weavers
  An entropy weaver (shapeshifter) (Depths:2)
  6 deep elf annihilators
  3 deep elf demonologists (Elf:3)
  The ghost of p0werm0de the Orderly, a journeyman DDFi of Makhleb (Lair:4)
  3 spark wasps
  Snorg (Lair:4)
  2 crystal guardians (Desolation)
  6 fire dragons
  9 ragged hierophants (Desolation)
  6 ettins
  5 deep elf death magi
  12 ogre magi
  6 ice dragons
  3 great orbs of eyes
  6 deep elf high priests
  5 yaktaur captains
  An ice dragon (shapeshifter) (D:13)
  3 vault guards
  10 peacekeepers (Desolation)
  3 rakshasas
  5 spriggan air magi (Depths:2)
  7 servants of whispers (Desolation)
  21 hydras
  6 alligators
  40 two-headed ogres
  A death knight (Vaults:3)
  9 dancing weapons
  A catoblepas (Lair:6)
  17 centaur warriors
  3 deep troll shamans
  6 tengu warriors
  3 deep troll earth magi
  6 death yaks (Lair:3)
  An orc high priest (Orc:2)
  Urug (D:13)
  4 spriggan berserkers
  11 deep elf knights
  A small abomination (Elf:3)
  2 hell knights (Depths:2)
  3 iron trolls (Depths:1)
  2 titan skeletons
  3 skeletal warriors (D:15)
  3 unseen horrors
  10 swamp dragons
  12 deep trolls
  A spriggan druid (Swamp:4)
  3 shambling mangroves
  A spark wasp zombie (Depths:2)
  Pikel (D:8)
  2 golden dragon skeletons (Depths:2)
  5 wizards
  22 deep elf archers
  7 necromancers
  3 glowing orange brains
  A lindwurm (Lair:4)
  13 ironbrand convokers
  13 harpies (Vaults:2)
  A wolf spider zombie (D:15)
  55 deep elf magi
  13 orc knights
  31 ugly things
  2 orc sorcerers
  2 oklob plants
  25 wolf spiders
  20 orb spiders
  3 manticores
  4 moths of wrath
  7 cyclopes
  2 black mambas
  3 guardian serpents (Desolation)
  A stone giant skeleton (Depths:1)
  6 elephants (Lair:5)
  A molten gargoyle (Desolation)
  Maurice (D:8)
  A fire giant skeleton (Depths:2)
  8 vault sentinels
  2 naga magi (D:15)
  A torpor snail (Spider:4)
  A yaktaur zombie (Vaults:1)
  2 kobold demonologists (D:13)
  3 gargoyles
  13 spiny frogs
  5 komodo dragons
  2 rime drakes (Lair:3)
  A rime drake (shapeshifter) (Depths:1)
  An efreet (D:14)
  3 freezing wraiths
  15 demonic crawlers
  31 yaktaurs
  A redback zombie (D:15)
  2 harpy zombies
  A merfolk (shapeshifter) (Depths:2)
  2 tengu conjurers
  8 trolls
  3 polar bears
  A meliai (shapeshifter) (D:13)
  6 tyrant leeches
  17 jumping spiders
  A wolf spider simulacrum (D:15)
  37 saltlings (Desolation)
  Prince Ribbit (Lair:3)
  2 wind drakes (shapeshifter)
  A shadow dragon simulacrum (Depths:2)
  7 bog bodies
  18 hornets
  16 blink frogs
  23 slime creatures
  A hippogriff (shapeshifter) (Elf:2)
  9 hippogriffs
  A frost giant simulacrum (Vaults:1)
  A dream sheep (shapeshifter) (Depths:2)
  4 dream sheep (Lair:6)
  A meliai zombie (D:14)
  An ice dragon skeleton (Depths:1)
  3 air elementals
  64 redbacks
  A redback (shapeshifter) (D:13)
  2 shadows
  A centaur simulacrum (D:15)
  A wyvern (shapeshifter) (Vaults:1)
  16 spriggans
  2 yaks (shapeshifter)
  2 wraiths
  32 tarantellas
  4 wyverns
  45 yaks
  A fire elemental (Elf:2)
  2 basilisks
  4 hungry ghosts
  A hog (shapeshifter) (Elf:2)
  A steam dragon (D:7)
  5 large abominations (Elf:1)
  13 swamp worms
  2 soldier ants (shapeshifter)
  A warg (Vaults:1)
  10 insubstantial wisps
  An acid dragon (Vaults:1)
  A deep troll zombie (Vaults:4)
  A floating eye (Depths:2)
  5 water moccasins
  11 porcupines
  2 hell hounds (Spider:1)
  54 orc warriors
  16 swamp drakes
  4 ice beasts
  8 black bears
  A deep troll simulacrum (Depths:1)
  5 phantoms
  6 sky beasts
  An ettin simulacrum (Vaults:1)
  32 ogres
  8 boggarts
  2 necrophages
  19 wolves (Lair:6)
  16 centaurs
  9 crocodiles
  2 human zombies (Vaults:4)
  3 big kobolds
  26 bullfrogs
  5 elf zombies (Elf:1)
  4 human skeletons
  2 earth elementals (Elf:1)
  3 scorpions
  6 killer bees (D:8)
  5 wights
  An electric eel (Spider:1)
  2 crimson imps
  A bullfrog zombie (D:11)
  3 jellies
  A quasit (D:12)
  2 bullfrog skeletons
  5 hounds
  2 centaur skeletons
  5 orc priests
  15 orc wizards
  Jessica (D:2)
  An iguana (shapeshifter) (D:13)
  5 iguanas
  11 worker ants
  2 hound skeletons
  A howler monkey skeleton (D:7)
  2 gnolls
  15 adders
  2 shadow imps
  4 white imps
  An ufetubus (Vaults:4)
  An ooze (D:2)
  An adder zombie (D:9)
  3 adder skeletons
  A worm (D:4)
  A worm (shapeshifter) (Depths:1)
  2 dart slugs
  4 leopard geckos
  60 orcs
  2 ball pythons
  4 giant cockroaches
  5 goblins
  2 hobgoblins
  9 jackals
  30 kobolds
  4 quokkas
  7 bats
  3 frilled lizards
  A jackal skeleton (D:6)
  2 quokka skeletons
  A quokka zombie (D:6)
  5 rats
  2 briar patches (Swamp:4)
  A bush (Lair:5)
  2 fungi
  3 plants
1583 creatures vanquished.

Vanquished Creatures (collateral kills)
  A rime drake (Lair:4)
  A hippogriff (Lair:4)
  A wolf (Lair:6)
  A crocodile (Lair:6)
  A fungus (Lair:6)
5 creatures vanquished.

Vanquished Creatures (others)
  A stone giant (Orc:2)
  A centaur warrior (D:14)
  A deep elf archer (Elf:1)
  2 cyclopes
  2 orc warriors
  A slave (D:8)
  An eye of draining (D:13)
  2 centaurs
  30 fungi
  9 plants
50 creatures vanquished.

Grand Total: 1638 creatures vanquished

Notes
Turn   | Place    | Note
-------+----------+-------------------------------------------
     0 | D:1      | 4thArraOfDagon the Demigod Fire Elementalist began the quest for the Orb.
     0 | D:1      | Reached XP level 1. HP: 14/14 MP: 5/5
    31 | D:1      | Reached skill level 1 in Conjurations
   134 | D:1      | Reached XP level 2. HP: 20/20 MP: 1/7
   455 | D:4      | Noticed a phantom
   494 | D:4      | Reached skill level 2 in Conjurations
   494 | D:4      | Reached XP level 3. HP: 20/26 MP: 3/8
   497 | D:4      | Learned a level 1 spell: Confusing Touch
   501 | D:4      | Learned a level 3 spell: Conjure Flame
   884 | D:4      | Killed a phantom
   884 | D:4      | Reached XP level 4. HP: 24/33 MP: 0/10
   884 | D:4      | Reached XP level 5. HP: 27/38 MP: 0/11
   895 | D:4      | Learned a level 4 spell: Sticky Flame
   928 | D:4      | Found a shadowy altar of Dithmenos.
   939 | D:4      | 4thArraOfDagon: o
   983 | D:3      | Reached skill level 3 in Conjurations
  1123 | D:2      | Noticed an ice beast
  1171 | D:2      | Killed an ice beast
  1171 | D:2      | Reached skill level 1 in Evocations
  1374 | D:2      | Noticed Jessica
  1376 | D:2      | Killed Jessica
  1525 | D:2      | Reached XP level 6. HP: 45/45 MP: 7/13
  1725 | D:3      | Noticed Anon1729's ghost (amateur DsFE)
  2222 | D:4      | Found a stormy altar of Qazlal.
  2317 | D:4      | Reached skill level 4 in Conjurations
  2410 | D:5      | Entered Level 5 of the Dungeon
  2475 | D:5      | Reached XP level 7. HP: 47/50 MP: 14/14
  2516 | D:5      | Found an ornate altar of the Wu Jian Council.
  2568 | D:5      | Reached skill level 5 in Fire Magic
  2956 | D:6      | Found a staircase to the Ecumenical Temple.
  3031 | D:6      | Reached skill level 5 in Conjurations
  3061 | D:6      | Learned a level 5 spell: Fireball
  3229 | D:7      | Reached XP level 8. HP: 50/57 MP: 16/16
  3337 | D:7      | Found Xaickazu's Armour Boutique.
  3356 | D:7      | Found a glowing silver altar of Zin.
  3531 | D:7      | Reached skill level 6 in Conjurations
  3532 | D:7      | Reached skill level 5 in Evocations
  3723 | D:7      | Reached XP level 9. HP: 60/62 MP: 19/19
  4009 | D:8      | Noticed Pikel
  4010 | D:8      | Noticed Maurice
  4030 | D:8      | Killed Pikel
  4056 | D:8      | Killed Maurice
  4056 | D:8      | Reached skill level 7 in Conjurations
  4231 | D:8      | Reached skill level 5 in Spellcasting
  4287 | D:8      | Got a twisted ring mail
  4298 | D:8      | Identified the cursed +1 ring mail of Honour {-Tele rPois rN+++ Int-2} (You found it on level 8 of the Dungeon)
  4472 | D:9      | Got a faintly humming ring mail
  4492 | D:9      | Identified the cursed +1 ring mail "Teneogol" {+Inv rN+ Regen+} (You found it on level 9 of the Dungeon)
  4668 | D:9      | Learned a level 3 spell: Regeneration
  4709 | D:9      | Reached XP level 10. HP: 69/69 MP: 16/21
  4741 | D:9      | Found a staircase to the Orcish Mines.
  4748 | D:9      | Found a staircase to the Lair.
  4931 | D:9      | Reached skill level 8 in Conjurations
  5066 | D:10     | Entered Level 10 of the Dungeon
  5145 | D:10     | Noticed a two-headed ogre
  5159 | D:10     | Killed a two-headed ogre
  5470 | D:10     | Noticed a two-headed ogre
  5479 | D:10     | Killed a two-headed ogre
  5595 | D:11     | Noticed a cyclops
  5608 | D:11     | Killed a cyclops
  5739 | D:11     | Noticed a two-headed ogre
  5755 | D:11     | Noticed a cyclops
  5766 | D:11     | Killed a two-headed ogre
  5766 | D:11     | Reached XP level 11. HP: 74/74 MP: 23/23
  5775 | D:11     | Reached skill level 9 in Conjurations
  5810 | D:11     | 4thArraOfDagon: ??staff od ene
  5810 | D:11     | beem: I don't have a page labeled staff_od_ene in my learndb.
  5810 | D:11     | 4thArraOfDagon: ??staff of ene
  5810 | D:11     | beem: I don't have a page labeled staff_of_ene in my learndb.
  5810 | D:11     | 4thArraOfDagon: ??staff of energy
  5810 | D:11     | beem: staff of energy[1/1]: When wielded, removes spell hunger and can be evoked for {channeling}.
  5817 | D:11     | 4thArraOfDagon: ??channeling
  5817 | D:11     | beem: channeling[1/1]: Converts food into mana. The staff succeeds (evo+11)/40, 50 hunger, 1d3 MP; Wucad Mu (evo+1)/25, 50 hunger, 1/5 div miscast, otherwise 2+d5+evo/3 MP; Sif power 100-300 hunger, d(2+inv/4) mp. For reference, merely resting will recover 14+maxMP per 600 nutrition, at standard metabolic rates.
  5921 | D:11     | Found Gaaquilupn's Distillery.
  5929 | D:11     | Bought a potion of magic for 128 gold pieces
  5929 | D:11     | Bought a potion of haste for 160 gold pieces
  5929 | D:11     | Bought a potion of brilliance for 64 gold pieces
  6079 | D:11     | Found a blossoming altar of Fedhas.
  6382 | D:12     | Noticed a two-headed ogre
  6394 | D:12     | Killed a two-headed ogre
  6502 | D:12     | Noticed a five-headed hydra
  6505 | D:12     | Killed a five-headed hydra
  6626 | D:13     | Noticed Urug
  6669 | D:12     | :O
  6731 | D:13     | Found a flagged portal.
  6740 | Bailey   | Entered a bailey
  6767 | Bailey   | p0werm0de: https://soundcloud.com/the-glitz/the-glitz-at-katerblau-berlin-03012016
  6778 | Bailey   | Noticed an orc knight
  6785 | Bailey   | Killed an orc knight
  6865 | Bailey   | Found a burning altar of Makhleb.
  6905 | D:13     | Identified a scroll of acquirement
  6910 | D:13     | ty
  6973 | D:13     | Noticed a two-headed ogre
  6973 | D:13     | Noticed a two-headed ogre
  6974 | D:13     | Noticed an ogre mage
  6974 | D:13     | Noticed a two-headed ogre
  6977 | D:13     | Noticed a two-headed ogre
  6977 | D:13     | Killed a two-headed ogre
  6977 | D:13     | Killed a two-headed ogre
  6977 | D:13     | Reached skill level 10 in Fire Magic
  6978 | D:13     | Killed an ogre mage
  6985 | D:13     | Killed a two-headed ogre
  7001 | D:13     | Killed a two-headed ogre
  7001 | D:13     | Reached skill level 10 in Conjurations
  7090 | D:13     | Found a gate to the Vaults.
  7196 | D:13     | Killed Urug
  7309 | D:13     | Noticed a centaur warrior
  7332 | D:13     | Killed a centaur warrior
  7332 | D:13     | Reached XP level 12. HP: 20/81 MP: 2/26
  7506 | D:13     | Noticed an ice dragon
  7506 | D:13     | a death yak changed into an ice dragon
  7517 | D:13     | Reached skill level 10 in Evocations
  7529 | D:13     | Killed an ice dragon
  7672 | D:13     | Noticed an ettin
  7675 | D:13     | Noticed a centaur warrior
  7676 | D:13     | Killed an ettin
  7681 | D:13     | Killed a centaur warrior
  7693 | D:13     | Reached skill level 11 in Conjurations
  7765 | D:13     | Noticed a tengu reaver
  7769 | D:13     | Killed a tengu reaver
  7773 | D:13     | Noticed a centaur warrior
  7781 | D:13     | Killed a centaur warrior
  7833 | D:13     | Noticed a centaur warrior
  7834 | D:13     | Killed a centaur warrior
  7899 | D:13     | Noticed a great orb of eyes
  7903 | D:13     | Killed a great orb of eyes
  8140 | D:14     | Noticed a seven-headed hydra
  8141 | D:14     | Noticed a centaur warrior
  8141 | D:14     | Noticed a centaur warrior
  8141 | D:14     | Reached XP level 13. HP: 57/86 MP: 4/29
  8431 | D:14     | Reached skill level 12 in Conjurations
  8510 | D:14     | p0werm0de: meh !!
  8521 | D:14     | p0werm0de: i just linked your game in discord @thaneod !
  8526 | D:14     | p0werm0de: pls continue :P
  8547 | D:14     | Thaneod: lol
  8549 | D:14     | Thaneod: nothing interesting there
  8606 | D:14     | p0werm0de: zig always interesting
  8625 | D:14     | Got a twisted leather armour
  8634 | D:14     | p0werm0de: ive already seen 3-4 splats from you tehre
  8797 | D:15     | Entered Level 15 of the Dungeon
  8841 | D:15     | Noticed Nessos
  9382 | D:15     | Reached skill level 13 in Conjurations
  9548 | D:15     | Noticed Nessos
  9548 | D:15     | Nessos changed into Nessos the glowing orange brain
  9550 | D:15     | Killed Nessos the glowing orange brain
  9553 | D:15     | Reached XP level 14. HP: 93/93 MP: 15/31
  9621 | D:15     | Found a staircase to the Depths.
  9720 | D:15     | Identified the +1 leather armour of Snakes and Ladders {Dex+4 Slay+3} (You took it off an orc wizard on level 14 of the Dungeon)
  9881 | Orc:1    | Entered Level 1 of the Orcish Mines
 10042 | Orc:2    | Entered Level 2 of the Orcish Mines
 10117 | Orc:2    | :)
 10176 | Orc:2    | Found a roughly hewn altar of Beogh.
 10251 | Orc:1    | Found Arown's Antique Weapon Emporium.
 10274 | Orc:1    | Bought a bone broad axe for 261 gold pieces
 10274 | Orc:1    | Identified the +5 broad axe of Yredelemnul {venom, Int+3} (You bought it in a shop on level 1 of the Orcish Mines)
 10448 | Orc:2    | Found a staircase to the Elven Halls.
 10833 | Orc:2    | Found Zucrit's Food Shop.
 10833 | Orc:2    | Found Atrul's Assorted Antiques.
 10835 | Orc:2    | Found Ysohad's Distillery.
 10837 | Orc:2    | Found Onkop's General Store.
 10843 | Orc:2    | Bought a scroll labeled ZAURIS REJIMA for 30 gold pieces
 10846 | Orc:2    | Bought the cursed +0 buckler "Pisiss" {rC+ Int+2 Stlth+} for 315 gold pieces
 10859 | Orc:2    | Bought a potion of heal wounds for 65 gold pieces
 10859 | Orc:2    | Bought a potion of heal wounds for 65 gold pieces
 10859 | Orc:2    | Bought a potion of brilliance for 52 gold pieces
 10859 | Orc:2    | Bought a potion of haste for 130 gold pieces
 10859 | Orc:2    | Bought a potion of haste for 130 gold pieces
 10859 | Orc:2    | Bought a potion of mutation for 104 gold pieces
 10859 | Orc:2    | Bought 2 potions of curing for 78 gold pieces
 10859 | Orc:2    | Bought a potion of curing for 39 gold pieces
 10896 | Orc:2    | Learned a level 4 spell: Airstrike
 10933 | Elf:1    | Entered Level 1 of the Elven Halls
 11019 | Lair:1   | Entered Level 1 of the Lair of Beasts
 11078 | Lair:1   | Reached skill level 1 in Air Magic
 11173 | Lair:1   | Got an ichor-stained leather armour
 11269 | Lair:1   | Reached skill level 1 in Shields
 11338 | Lair:3   | :O
 11339 | Lair:3   | Found a radiant altar of Vehumet.
 11389 | Lair:3   | Noticed Prince Ribbit
 11414 | Lair:4   | Noticed p0werm0de's ghost (journeyman DDFi)
 11481 | Lair:4   | Noticed Snorg
 11557 | Lair:4   | Killed Snorg
 11673 | Lair:4   | Found a staircase to the Swamp.
 11741 | Lair:3   | Killed Prince Ribbit
 11843 | Lair:3   | Reached skill level 1 in Fighting
 12145 | Lair:4   | Found a hole to the Spider Nest.
 12174 | Lair:4   | Killed p0werm0de's ghost
 12175 | Lair:4   | rip bud
 12287 | Lair:5   | Found a white marble altar of Elyvilon.
 12709 | Lair:5   | Learned a level 7 spell: Orb of Destruction
 12754 | Lair:6   | Entered Level 6 of the Lair of Beasts
 12762 | Lair:6   | Reached XP level 15. HP: 110/110 MP: 18/33
 12916 | Lair:6   | Identified the +3 leather armour of Rationality {*Corrode +Fly MR+++} (You found it on level 1 of the Lair of Beasts)
 13087 | Lair:6   | Reached skill level 14 in Conjurations
 13087 | Lair:6   | Reached skill level 5 in Dodging
 13271 | Lair:6   | Reached skill level 5 in Fighting
 13509 | Lair:6   | Found a viscous altar of Jiyva.
 13509 | Lair:6   | Found a staircase to the Slime Pits.
 13536 | Lair:6   | Reached skill level 1 in Armour
 13906 | Elf:1    | Found a deep blue altar of Sif Muna.
 14495 | Elf:1    | Reached skill level 15 in Conjurations
 14530 | Elf:1    | Identified the Disquisition on Unholy Arts
 15122 | Elf:2    | Thaneod: !rng win lose
 15125 | Elf:2    | beem: The RNG chooses: lose.
 15247 | Elf:2    | Reached skill level 5 in Armour
 15403 | Elf:2    | Noticed Aizul
 15408 | Elf:2    | Killed Aizul
 15554 | Elf:3    | Entered Level 3 of the Elven Halls
 15602 | Elf:3    | Reached skill level 16 in Conjurations
 15651 | Elf:3    | Reached XP level 16. HP: 119/119 MP: 28/34
 16163 | Elf:3    | Noticed Amnesiac's ghost (adept SpEE)
 16170 | Elf:3    | Killed Amnesiac's ghost
 16287 | Elf:3    | Got an uncursed bone glaive {chop}
 16290 | Elf:3    | Identified the +6 glaive of the Mouth {chop, rPois rF+ Dex-2} (You took it off a deep elf archer on level 3 of the Elven Halls)
 16587 | Elf:3    | Reached skill level 10 in Spellcasting
 16672 | Elf:3    | Noticed a deep elf master archer
 16690 | Elf:3    | Killed a deep elf master archer
 16967 | Elf:3    | Noticed a deep elf master archer
 16981 | Elf:3    | Killed a deep elf master archer
 17168 | Elf:3    | Noticed a deep elf master archer
 17171 | Elf:3    | Killed a deep elf master archer
 17171 | Elf:3    | Reached skill level 17 in Conjurations
 17171 | Elf:3    | Reached skill level 15 in Fire Magic
 17279 | Elf:3    | Identified the Reference Book on the Damaging Rocks
 17532 | Orc:1    | Learned a level 6 spell: Bolt of Fire
 17682 | Swamp:1  | Entered Level 1 of the Swamp
 17696 | Swamp:1  | Noticed Donald
 17701 | Swamp:1  | Killed Donald
 17910 | Swamp:1  | Reached XP level 17. HP: 126/126 MP: 9/36
 17950 | Swamp:1  | Noticed Roxanne
 17957 | Swamp:1  | Killed Roxanne
 18540 | Swamp:3  | Noticed Bai Suzhen
 18566 | Swamp:3  | Killed Bai Suzhen
 18721 | Swamp:4  | Entered Level 4 of the Swamp
 18986 | Swamp:3  | Learned a level 2 spell: Sublimation of Blood
 19113 | Swamp:4  | Reached skill level 1 in Necromancy
 19132 | Swamp:4  | Thaneod: !lg Thaneod
 19135 | Swamp:4  | beem: 1013. Thaneod the Archmage (L27 DEFE of Makhleb), slain by a Hell Sentinel on Zig:26 on 2018-04-07 21:29:12, with 1838999 points after 162319 turns and 1d+0:38:38.
 19274 | Swamp:4  | 4thArraOfDagon: za duzo spamu?
 19329 | Swamp:4  | Thaneod: nie chcialo sie grac juz
 19358 | Swamp:4  | Thaneod: nawet itemow juz nie zbieralem
 19466 | Swamp:4  | Thaneod: 353. 0 ??Fi-00 nibbled to death by software bugs (D:$
 19472 | Swamp:4  | Thaneod: pozycja 353 na hiscore:)
 19873 | Swamp:4  | Got a decaying rune of Zot
 20065 | Spider:1 | Entered Level 1 of the Spider Nest
 20172 | Spider:3 | Paralysed by a hornet for 1 turns
 20202 | Spider:4 | Entered Level 4 of the Spider Nest
 20449 | Spider:3 | Identified the +0 chain mail of the Morning {rPois MR+} (You found it on level 3 of the Spider Nest)
 20777 | Spider:4 | Reached skill level 18 in Conjurations
 20836 | Spider:4 | Reached skill level 5 in Necromancy
 21485 | Spider:4 | Reached XP level 18. HP: 133/133 MP: 27/38
 21565 | Spider:4 | Thaneod: omg no see invisible
 22016 | Spider:4 | Got a gossamer rune of Zot
 22247 | Spider:2 | Identified the +0 pair of boots of Trumpets {MP+9} (You acquired it on level 2 of the Spider Nest)
 23102 | Depths:1 | Entered Level 1 of the Depths
 23229 | Vaults:1 | Entered Level 1 of the Vaults
 24328 | Vaults:1 | p0werm0de: https://imgur.com/a/6TMJ1
 24356 | Vaults:1 | Reached skill level 19 in Conjurations
 24499 | Vaults:2 | p0werm0de: https://soundcloud.com/beth-lydi/beth-lydi-at-katerblau-berlin-28122015
 24512 | Vaults:2 | Noticed Jory
 24538 | Vaults:2 | Thaneod: second photo is nice too:)
 24551 | Vaults:2 | Killed Jory
 24610 | Vaults:2 | p0werm0de: yarr its me
 24624 | Vaults:2 | p0werm0de: i know im nice
 24745 | Vaults:2 | Thaneod: :P
 24770 | Vaults:2 | Reached XP level 19. HP: 138/138 MP: 38/40
 24864 | Vaults:2 | p0werm0de: i tell ya boys
 24871 | Vaults:2 | p0werm0de: go go dating apps
 24886 | Vaults:2 | p0werm0de: its full there now
 25011 | Vaults:2 | Thaneod: with your photo:>?
 25200 | Vaults:2 | p0werm0de: :P
 25205 | Vaults:2 | p0werm0de: that too ye
 25258 | Vaults:2 | Thaneod: got negative experience with this kind of apps
 25279 | Vaults:2 | Thaneod: too easy to get "achievment
 25279 | Vaults:2 | Thaneod: ":)
 25336 | Vaults:2 | p0werm0de: achievment?
 25383 | Vaults:3 | p0werm0de: you mean get laid with some random gal
 25395 | Vaults:3 | Thaneod: yeap
 25408 | Vaults:3 | p0werm0de: yea some are quick, others not
 25441 | Vaults:3 | p0werm0de: THE CHASE, IS BETTER THAN THE CATCH !!!
 25444 | Vaults:3 | p0werm0de: agree i c
 25446 | Vaults:3 | Thaneod: yeah
 25475 | Vaults:3 | p0werm0de: scooter philosopher for 3rd millennia
 25502 | Vaults:3 | Thaneod: faster harder scooter:)
 25508 | Vaults:3 | p0werm0de: ;P
 25586 | Vaults:3 | Thaneod: got somewhere casette from 90' with scooter
 25589 | Vaults:3 | Found a ruined gateway.
 25591 | Vaults:3 | Found a glowing silver altar of Zin.
 25591 | Vaults:3 | Found a white marble altar of Elyvilon.
 25591 | Vaults:3 | Found a glowing golden altar of the Shining One.
 25606 | Desolati | Entered the Desolation of Salt
 25664 | Desolati | Thaneod: soo old now;/
 26014 | Desolati | Found the +3 pair of gauntlets of War {Slay+5}
 26060 | Desolati | Identified the Collected Works on Arcane Weapons
 26196 | Desolati | Identified the ring of Vuovvilu {Wiz rF+ MR+} (You took it off an imperial myrmidon in the Desolation of Salt)
 26239 | Desolati | Found the +8 autumn katana {slice, Clar}
 26270 | Desolati | Identified the +6 arbalest of Demand {elec, Str+7 Int+7 Dex-4} (You found it in the Desolation of Salt)
 26288 | Desolati | Identified the ring of Soexadaj {rCorr rN+} (You found it in the Desolation of Salt)
 26290 | Desolati | Identified the ring "Oqeoxu" {+Inv Str+5 Dex-2 Stlth-} (You found it in the Desolation of Salt)
 26381 | Desolati | Identified the +1 robe of Evolution {MR++ Regen+} (You found it in the Desolation of Salt)
 26405 | Desolati | Identified Poschiaq's Tome of the Mountains
 26608 | Vaults:3 | Found a staircase to the Crypt.
 26608 | Vaults:3 | Found a basalt altar of Yredelemnul.
 26609 | Vaults:3 | Found an ancient bone altar of Kikubaaqudgha.
 26836 | Vaults:3 | Reached skill level 20 in Conjurations
 27229 | Vaults:4 | Reached XP level 20. HP: 146/146 MP: 42/42
 27395 | Vaults:4 | Noticed Frederick
 27696 | Vaults:4 | Got a transparent plate armour
 27833 | Vaults:4 | Identified the +10 plate armour "Neahatso" {rN+ Dex+4} (You found it on level 4 of the Vaults)
 27844 | Vaults:4 | Got a transparent robe
 27855 | Vaults:4 | Identified the cursed +0 robe of Vinik {*Drain MR+ Str+2 Stlth+} (You found it on level 4 of the Vaults)
 28032 | Vaults:4 | Killed Frederick
 28307 | Vaults:1 | Learned a level 6 spell: Statue Form
 28532 | Depths:1 | Reached skill level 1 in Long Blades
 28532 | Depths:1 | Reached skill level 1 in Transmutations
 28532 | Depths:1 | Reached skill level 1 in Earth Magic
 28556 | Depths:1 | Found a gateway to Hell.
 28855 | Depths:1 | Found Nopnue's Jewellery Shoppe.
 28857 | Depths:1 | Found Hamnesmi's Gadget Boutique.
 28858 | Depths:1 | Found Keejujug's Jewellery Shoppe.
 28867 | Depths:1 | Bought an uncursed amulet of magic regeneration for 330 gold pieces
 29475 | Depths:2 | Found a sparkling altar of Nemelex Xobeh.
 29737 | Depths:2 | Reached skill level 5 in Long Blades
 29750 | Depths:2 | Reached skill level 5 in Transmutations
 29761 | Depths:2 | Reached skill level 5 in Earth Magic
 30016 | Depths:2 | Noticed a juggernaut
 30017 | Depths:2 | Noticed a juggernaut
 30052 | Depths:2 | Reached XP level 21. HP: 133/151 MP: 43/43
 30056 | Depths:2 | Noticed Saint Roka
 30119 | Depths:2 | Killed Saint Roka
 30149 | Depths:2 | Noticed a caustic shrike
 30151 | Depths:2 | Killed a caustic shrike
 30158 | Depths:2 | Killed a juggernaut
 30164 | Depths:2 | Killed a juggernaut
 30326 | Depths:2 | Paralysed by a floating eye for 4 turns
 30374 | Depths:2 | Noticed a golden dragon
 30381 | Depths:2 | Killed a golden dragon
 30413 | Depths:2 | Got a heavily runed scale mail
 30592 | Depths:2 | Got a pair of encrusted gloves
 30603 | Depths:2 | Identified the +0 pair of gloves of the Komtur {rCorr} (You found it on level 2 of the Depths)
 30776 | Depths:3 | HP: 4/151 [spark wasp (12)]
 30779 | Depths:3 | Slain by a spark wasp

Vault maps used:
D:1:      elethiomel_arrival_shortcut, kennysheep_another_room
D:2:      serial_forest, infiniplex_forest_lined_3, infiniplex_forest_lined_3,
          infiniplex_forest_end_1, infiniplex_forest_end_3,
          infiniplex_forest_lined_room_2, infiniplex_forest_straight_2,
          infiniplex_forest_clump_curved, minmay_misc_feat_more_columns,
          uniq_jessica
D:4:      nicolae_ru_path_of_blood, grunt_dithmenos_smoke_and_mirrors,
          grunt_qazlal_sundering, minitemple, first_ration, st_stairs_12,
          hangedman_abyss_or_decor_stagger
D:5:      kennysheep_mini_moat
D:6:      minmay_temple_entry_trees, nicolae_lava_and_water
D:7:      zin_statuary, serial_shops, shop, hangedman_misty_isle
D:8:      grunt_ogre_cave, uniq_maurice, uniq_pikel
D:9:      makhleb_blood_cavern_becter, due_lair_maze_entry_diamond,
          nooodl_food_tri
D:10:     minmay_fire_ice_demons
D:11:     serial_shops, shop, tgw_fedhas
D:12:     minmay_misc_feat_hallway, item_on_display_a
D:13:     evilmike_diamond_2, david_vaults_2, enter_bailey_2,
          lemuel_nasty_fountain, uniq_urug
D:14:     serial_bayou_pond_d
D:15:     grunt_enter_depths_magical_seal, minivault_27, st_stairs_13,
          hangedman_decor_clover_reticule, uniq_nessos
Lair:1:   uniq_grum
Lair:3:   basic_altar, grunt_forest_stairs_basic, uniq_prince_ribbit2
Lair:4:   swamp_mist, spider_nest_entry_web_field, bobbens_ice_dragon_lair,
          uniq_snorg
Lair:5:   lemuel_oklob_altar
Lair:6:   minmay_lair_end_enchanted_forest, dpeg_slime_entry_enclosed_altar,
          grunt_megastairs_3
Swamp:1:  evilmike_swamp_ruin_house_2, uniq_roxanne, uniq_donald
Swamp:2:  hangedman_swamp_ruin_hall, swamp_pool3
Swamp:3:  evilmike_swamp_ruin_house_6, swamp_pool4,
          nicolae_swamp_very_dense_foliage, uniq_bai_suzhen
Swamp:4:  swamp_basic_johnstein, infiniplex_staircase_pool
Spider:1: uniq_azrael
Spider:4: guppyfry_spider_rune
Orc:1:    serial_shops, shop
Orc:2:    st_orc_rangers, basic_altar
Elf:1:    elf_arrival_002, basic_altar, minmay_elf_necromancy
Elf:2:    uniq_asterion, uniq_aizul
Elf:3:    minmay_elf_hall_furrowed
Vaults:1: nicolae_vaults_angled_halls, nicolae_vaults_network_periphery,
          nicolae_vaults_little_squares_1, v_misc_14, v_misc_13,
          hangedman_vaults_cutoff, nicolae_vaults_little_squares_3,
          hangedman_vaults_trim, v_misc_3, ontoclasm_vaults_decontamination,
          grunt_vaults_diagonal, st_smaller_cells, nicolae_vaults_shelves_hall
Vaults:2: ontoclasm_vaults_chip, ontoclasm_vaults_claustrophobia,
          vaults_mumra_chevron_long, nicolae_vaults_theta, grunt_vaults_funnel,
          hangedman_vaults_trim, hangedman_vaults_corner_blocks, uniq_jory
Vaults:3: minmay_crypt_entry_necro_gods, serial_ice_h,
          nicolae_vaults_little_squares_2, vaults_room_guarded_vault,
          nicolae_vaults_diagonal_hallway_6, ontoclasm_vaults_chip, v_misc_12,
          hangedman_vaults_maws, portal_desolation_entry_holy_temple, uniq_mara
Vaults:4: nicolae_vaults_what_the_h, ontoclasm_vaults_ring_small,
          vaults_room_semicircle, vaults_room_hallway, v_rooms_6, v_rooms_2,
          vaults_room_corners, st_more_cells, vaults_dpeg_encased_lava,
          vaults_room_octagon, ontoclasm_vaults_loading_screen,
          nicolae_vaults_little_squares_5, uniq_frederick
Depths:1: hell_entry, kennysheep_inner_square, minmay_shop_grove
Depths:2: hangedman_box_tower, pf_coc_iceberg,
          nemelex_xobeh_ov_fountains_minmay, minmay_curled_crystal,
          uniq_saint_roka
Depths:3: minmay_guarded_unrand_guard, grunt_pan_entry_zigzag, hell_entry,
          hangedman_decor_points, minmay_staircase_statues
Bailey:   bailey_axe_3, bailey

Skill      XL: |  1  2  3  4  5  6  7  8  9 10 11 12 13 14 15 16 17 18 19 20 21 |
---------------+----------------------------------------------------------------+-----
Conjurations   | 1 2 3 4 5 6 7 8 10 11 13 16 17 18 19 20 | 20.4
Fire Magic     | 3 4 5 6 8 9 10 11 13 15 16 17 18 19 | 19.0
Spellcasting   | 2 3 4 5 6 8 9 10 11 12 13 | 13.1
Evocations     | 1 2 3 5 6 8 9 10 | 10.0
Air Magic      | 4 |  4.9
Shields        | 4 |  4.1
Dodging        | 4 5 |  5.0
Fighting       | 3 5 |  5.0
Armour         | 5 |  5.0
Necromancy     | 5 7 |  7.0
Long Blades    | 5 7 |  7.9
Transmutations | 5 7 |  7.5
Earth Magic    | 5 7 |  7.8
Stealth        | |  1.7

Action                   |  1- 3 |  4- 6 |  7- 9 | 10-12 | 13-15 | 16-18 | 19-21 || total
-------------------------+-------+-------+-------+-------+-------+-------+-------++-------
Melee: Spear             |    13 |       |       |       |       |       |       ||    13
       Staff             |       |     3 |    43 |    59 |    68 |    18 |    13 ||   204
Throw: Throwing net      |       |       |       |     1 |     2 |       |     1 ||     4
 Cast: Flame Tongue      |    51 |    99 |   136 |    98 |    54 |     8 |       ||   446
       Conjure Flame     |       |     3 |     4 |    10 |     7 |     1 |       ||    25
       Sticky Flame      |       |     6 |    30 |    41 |    93 |    38 |    20 ||   228
       Confusing Touch   |       |     1 |       |       |       |       |       ||     1
       Fireball          |       |       |    13 |   108 |   342 |   377 |    97 ||   937
       Regeneration      |       |       |       |       |    16 |    65 |    43 ||   124
       Orb of Destructio |       |       |       |       |    27 |   178 |   244 ||   449
       Bolt of Fire      |       |       |       |       |       |    85 |   171 ||   256
       Airstrike         |       |       |       |       |       |     1 |       ||     1
       Sublimation of Bl |       |       |       |       |       |       |     2 ||     2
Evoke: Staff of energy   |       |    15 |    29 |   166 |   569 |  1114 |   716 ||  2609
       Wand              |       |       |     7 |    12 |    32 |    14 |     7 ||    72
       Box of beasts     |       |       |       |       |     1 |       |       ||     1
       Lightning rod     |       |       |       |       |     1 |     2 |       ||     3
  Use: Scroll            |     4 |     8 |     7 |     7 |    14 |    22 |    14 ||    76
       Potion            |     1 |       |       |     4 |     3 |     4 |     2 ||    14
  Eat: Chunk             |       |     6 |    15 |    45 |    82 |    64 |    52 ||   264
       Ration            |       |       |       |     1 |     7 |    14 |     1 ||    23
Armor: Robe              |    14 |     7 |    14 |       |       |       |    30 ||    65
       Ring mail         |       |       |    18 |    46 |   108 |    73 |    12 ||   257
       Skin              |       |       |       |     6 |       |       |       ||     6
       Leather armour    |       |       |       |       |     8 |     1 |       ||     9
Dodge: Dodged            |    34 |    23 |    56 |    78 |   159 |   122 |   102 ||   574
Block: Other             |       |       |    18 |    33 |    47 |       |       ||    98
       Reflection        |       |       |     1 |     5 |    22 |    14 |     9 ||    51
       Buckler           |       |       |       |       |   112 |   118 |    76 ||   306

Table legend:
 A = Spawn XP
 B = Non-spawn XP
 C = Spawn XP percentage of total XP
 D = Spawn monster count
 E = Non-spawn monster count
 F = Spawn count percentage of total count
 G = Total turns spent on level
                    A         B        C        D         E        F      G
               +---------+---------+-------+---------+---------+-------+---------
         Total |       0 |  766172 |   0.0 |       0 |    1588 |   0.0 | 30779
               +---------+---------+-------+---------+---------+-------+---------
           D:1 |       0 |      34 |   0.0 |       0 |      13 |   0.0 |   315
           D:2 |       0 |     228 |   0.0 |       0 |      22 |   0.0 |   838
           D:3 |       0 |     106 |   0.0 |       0 |      13 |   0.0 |   375
           D:4 |       0 |     494 |   0.0 |       0 |      15 |   0.0 |   882
           D:5 |       0 |     223 |   0.0 |       0 |       7 |   0.0 |   331
           D:6 |       0 |     582 |   0.0 |       0 |      18 |   0.0 |   469
           D:7 |       0 |    1870 |   0.0 |       0 |      38 |   0.0 |   640
           D:8 |       0 |    2284 |   0.0 |       0 |      21 |   0.0 |   600
           D:9 |       0 |    2301 |   0.0 |       0 |      32 |   0.0 |   774
          D:10 |       0 |    2994 |   0.0 |       0 |      24 |   0.0 |   537
          D:11 |       0 |    3776 |   0.0 |       0 |      14 |   0.0 |   635
          D:12 |       0 |    2459 |   0.0 |       0 |       8 |   0.0 |   503
          D:13 |       0 |   25830 |   0.0 |       0 |      59 |   0.0 |  1604
          D:14 |       0 |   14560 |   0.0 |       0 |      38 |   0.0 |   562
          D:15 |       0 |   22039 |   0.0 |       0 |      50 |   0.0 |  1050
        Lair:1 |       0 |    1496 |   0.0 |       0 |       7 |   0.0 |   426
        Lair:2 |       0 |    1356 |   0.0 |       0 |       5 |   0.0 |   252
        Lair:3 |       0 |   16043 |   0.0 |       0 |      50 |   0.0 |   369
        Lair:4 |       0 |    5921 |   0.0 |       0 |      17 |   0.0 |   735
        Lair:5 |       0 |    6293 |   0.0 |       0 |      24 |   0.0 |   473
        Lair:6 |       0 |   19993 |   0.0 |       0 |      88 |   0.0 |   902
       Swamp:1 |       0 |   12364 |   0.0 |       0 |      20 |   0.0 |   508
       Swamp:2 |       0 |    4330 |   0.0 |       0 |      17 |   0.0 |   362
       Swamp:3 |       0 |    8017 |   0.0 |       0 |      11 |   0.0 |   527
       Swamp:4 |       0 |   33207 |   0.0 |       0 |      68 |   0.0 |   926
      Spider:1 |       0 |   12048 |   0.0 |       0 |      33 |   0.0 |   364
      Spider:2 |       0 |   11282 |   0.0 |       0 |      28 |   0.0 |   470
      Spider:3 |       0 |    9860 |   0.0 |       0 |      26 |   0.0 |   687
      Spider:4 |       0 |   43995 |   0.0 |       0 |     109 |   0.0 |  1248
         Orc:1 |       0 |    1990 |   0.0 |       0 |      11 |   0.0 |   326
         Orc:2 |       0 |    8378 |   0.0 |       0 |      56 |   0.0 |   852
         Elf:1 |       0 |   27237 |   0.0 |       0 |      51 |   0.0 |  1275
         Elf:2 |       0 |   10893 |   0.0 |       0 |      17 |   0.0 |   554
         Elf:3 |       0 |   67068 |   0.0 |       0 |      64 |   0.0 |  1773
      Vaults:1 |       0 |   48632 |   0.0 |       0 |      86 |   0.0 |  1305
      Vaults:2 |       0 |   41479 |   0.0 |       0 |      56 |   0.0 |   973
      Vaults:3 |       0 |   30504 |   0.0 |       0 |      45 |   0.0 |   769
      Vaults:4 |       0 |   52255 |   0.0 |       0 |      69 |   0.0 |  1099
      Depths:1 |       0 |   30485 |   0.0 |       0 |      37 |   0.0 |   461
      Depths:2 |       0 |  124961 |   0.0 |       0 |     126 |   0.0 |  1829
      Depths:3 |       0 |    7347 |   0.0 |       0 |       4 |   0.0 |    66
        Bailey |       0 |     868 |   0.0 |       0 |      16 |   0.0 |   149
    Desolation |       0 |   48090 |   0.0 |       0 |      75 |   0.0 |   984
               +---------+---------+-------+---------+---------+-------+---------
